[Event "XVI Gran Hotel Bali 2017"]
[Site "Benidorm"]
[Date "2017.12.01"]
[Round "1"]
[White "Gajic, Mladen"]
[Black "Mancebo Ibanez, Fernando"]
[Result "1-0"]
[ECO "D10"]
[WhiteElo "2300"]
[BlackElo "2086"]
[Annotator "NA"]
[PlyCount "83"]
[EventDate "2017.??.??"]
[EventType "swiss"]
[EventCountry "ESP"]
[SourceTitle "playchess.com"]
[Source "ChessBase"]
[SourceQuality "1"]
[TimeControl "5400+30"]

1. d4 d5 2. c4 c6 3. cxd5 cxd5 4. Nc3 e5 5. dxe5 d4 6. Ne4 Qa5+ 7. Bd2 Qxe5 8. Ng3 Bc5 9. Nf3 Qe7 10. b4 Bb6 11. Qc2 Nc6 12. b5 Ne5 13. Nxe5 Qxe5 14. Qe4 Qe6 15. Nf5 Qxe4 16. Nd6+ Kd8 17. Nxe4 Be6 18. e3 dxe3 19. fxe3 Ne7 20. Ng5 Nf5 21. Nxe6+ fxe6 22. Ke2 Rc8 23. a4 Ke7 24. g4 Nh4 25. a5 Bc7 26. Bc3 Rhg8 27. Rd1 Bd6 28. Be1 g5 29. Bg3 Bb4 30. b6 Rc2+ 31. Kd3 Rc3+ 32. Ke4 axb6 33. axb6 Bc5 34. Bd3 Ng2 35. Rc1 Rxc1 36. Rxc1 Bxb6 37. Rb1 Bc5 38. Rxb7+ Kf8 39. Be5 Nxe3 40. Rc7 Bb6 41. Rc6 Nd5 42. Rxe6 1-0

[Event "XVI Gran Hotel Bali 2017"]
[Site "Benidorm"]
[Date "2017.12.01"]
[Round "1"]
[White "Ibanez Aullana, Ramon"]
[Black "Tocco, Paolo"]
[Result "1/2-1/2"]
[ECO "A40"]
[WhiteElo "2295"]
[BlackElo "2086"]
[Annotator "NA"]
[PlyCount "86"]
[EventDate "2017.??.??"]
[EventType "swiss"]
[EventCountry "ESP"]
[SourceTitle "playchess.com"]
[Source "ChessBase"]
[SourceQuality "1"]
[TimeControl "5400+30"]

1. d4 b6 2. e4 Bb7 3. Bd3 Nf6 4. Qe2 e6 5. Nf3 d5 6. e5 Ne4 7. O-O c5 8. c3 a5 9. Ne1 h6 10. f3 Ng5 11. h4 Nh7 12. g3 cxd4 13. cxd4 Nc6 14. Be3 Nb4 15. Bb5+ Nc6 16. Nc3 Be7 17. Rc1 O-O 18. Ng2 Na7 19. Bd3 Re8 20. Qd2 f5 21. Nf4 Nf8 22. h5 Bg5 23. g4 fxg4 24. fxg4 Nc6 25. Bb1 Ba6 26. Rf2 Rc8 27. Nh3 Bxe3 28. Qxe3 Qh4 29. Nf4 Qxg4+ 30. Kh1 Qh4+ 31. Rh2 Qe7 32. Rg1 Rc7 33. Ncxd5 exd5 34. Nxd5 Qf7 35. Nxc7 Qxc7 36. Rhg2 Re7 37. Qb3+ Kh8 38. Rf2 Qd8 39. Qxb6 Qe8 40. Qxa6 Qxh5+ 41. Rh2 Qf3+ 42. Rgg2 Qd1+ 43. Rg1 Qf3+ 1/2-1/2

[Event "XVI Gran Hotel Bali 2017"]
[Site "Benidorm"]
[Date "2017.12.01"]
[Round "1"]
[White "Garcia Blanco, Omar"]
[Black "Bustos Bernardo, Samuel"]
[Result "1-0"]
[ECO "B22"]
[WhiteElo "2274"]
[BlackElo "2083"]
[Annotator "NA"]
[PlyCount "97"]
[EventDate "2017.??.??"]
[EventType "swiss"]
[EventCountry "ESP"]
[SourceTitle "playchess.com"]
[Source "ChessBase"]
[SourceQuality "1"]
[TimeControl "5400+30"]

1. e4 c5 2. c3 d5 3. exd5 Qxd5 4. d4 Nc6 5. Nf3 Bg4 6. dxc5 Qxd1+ 7. Kxd1 e5 8. b4 a5 9. b5 Nd8 10. c6 bxc6 11. h3 Bxf3+ 12. gxf3 Bc5 13. Kc2 Bxf2 14. Ba3 Ne7 15. Nd2 Bh4 16. Nc4 O-O 17. Nxe5 Re8 18. Bxe7 Rxe7 19. Nxc6 Nxc6 20. bxc6 g6 21. Bc4 Re3 22. Rad1 Bf6 23. Rd3 Re2+ 24. Rd2 Re3 25. Rd3 Re2+ 26. Kd1 Re7 27. Re1 Rxe1+ 28. Kxe1 Ra7 29. Kd2 Kf8 30. Kc2 Ke7 31. Kb3 Be5 32. Ka4 Bh2 33. Bb3 Bg1 34. Kb5 Rc7 35. Bd5 f6 36. Kxa5 Kd6 37. Kb5 Ke5 38. Bb3 Ba7 39. Rd7 Bb8 40. Kb6 Rc8 41. c7 Bxc7+ 42. Rxc7 Rb8+ 43. Rb7 Rc8 44. c4 Kd4 45. Rd7+ Ke5 46. c5 Rb8+ 47. Rb7 Rd8 48. c6 Rd6 49. Rd7 {[%emt 0:00:07] Kd5} 1-0

[Event "XVI Gran Hotel Bali 2017"]
[Site "Benidorm"]
[Date "2017.12.01"]
[Round "1"]
[White "Amdouni, Zoubaier"]
[Black "Vinal Gutierrez, Pedro"]
[Result "1/2-1/2"]
[ECO "C07"]
[WhiteElo "2272"]
[BlackElo "2074"]
[Annotator "NA"]
[PlyCount "138"]
[EventDate "2017.??.??"]
[EventType "swiss"]
[EventCountry "ESP"]
[SourceTitle "playchess.com"]
[Source "ChessBase"]
[SourceQuality "1"]
[TimeControl "5400+30"]

1. e4 e6 2. d4 d5 3. Nd2 c5 4. exd5 Qxd5 5. Ngf3 cxd4 6. Bc4 Qd7 7. O-O Nc6 8. Nb3 Nf6 9. Qe2 Be7 10. Rd1 O-O 11. Nbxd4 Nxd4 12. Rxd4 Qc7 13. Bg5 Rd8 14. Rad1 Rxd4 15. Rxd4 Ne8 16. Bxe7 Qxe7 17. Qd3 a6 18. Rd8 b5 19. Ng5 g6 20. Bb3 Bb7 21. Nxf7 Rxd8 22. Nxd8 Bc8 23. h3 Ng7 24. Qd4 Bd7 25. Qb6 Bc8 26. c3 Qd7 27. a4 bxa4 28. Bc4 Kf8 29. Qc5+ Ke8 30. Nc6 Qc7 31. Be2 Nf5 32. Qc4 Nd6 33. Qxa4 Bd7 34. Bf3 Qb6 35. Qa5 Nc4 36. Qxb6 Nxb6 37. Na5 Na4 38. Be2 Nxb2 39. Bxa6 Na4 40. c4 Ke7 41. Nb3 Kd6 42. Kf1 Nc5 43. Nxc5 Kxc5 44. Ke2 Kd4 45. Bb5 Bc8 46. f4 Bb7 47. g4 Bg2 48. h4 Be4 49. g5 Bd3+ 50. Kf3 Be4+ 51. Kg3 Bd3 52. Be8 Bxc4 53. Bf7 Bd5 54. Bg8 e5 55. Bxh7 exf4+ 56. Kxf4 Bf7 57. Kg4 Ke5 58. Kg3 Kf5 59. Kf3 Bd5+ 60. Ke3 Kg4 61. Bxg6 Bc6 62. Bf7 Bd7 63. g6 Bf5 64. h5 Kg5 65. Kd4 Kf6 66. Ke3 Bg4 67. h6 Bf5 68. h7 Kg7 69. Kf4 Bxg6 1/2-1/2

[Event "XVI Gran Hotel Bali 2017"]
[Site "Benidorm"]
[Date "2017.12.01"]
[Round "1"]
[White "Lornye, Pylyp"]
[Black "Baktache, Mohamed Ali"]
[Result "1-0"]
[ECO "A05"]
[WhiteElo "2264"]
[BlackElo "2068"]
[Annotator "NA"]
[PlyCount "76"]
[EventDate "2017.??.??"]
[EventType "swiss"]
[EventCountry "ESP"]
[SourceTitle "playchess.com"]
[Source "ChessBase"]
[SourceQuality "1"]
[TimeControl "5400+30"]

1. Nf3 Nf6 2. g3 d5 3. Bg2 e6 4. O-O Be7 5. c4 O-O 6. cxd5 exd5 7. d3 c6 8. Qc2 h6 9. e4 dxe4 10. dxe4 Na6 11. Rd1 Qb6 12. Nc3 Nb4 13. Qe2 Be6 14. a3 Na6 15. Be3 Qc7 16. Nd4 Bg4 17. f3 Bc8 18. Rac1 Bc5 19. b4 Bxd4 20. Bxd4 Qe7 21. e5 Nd5 22. Nxd5 cxd5 23. b5 Nc7 24. Bc5 Qd8 25. Bxf8 Kxf8 26. f4 Be6 27. Qf2 Bg4 28. Rd2 Kg8 29. h3 Bd7 30. a4 b6 31. Bxd5 Nxd5 32. Rxd5 Qe8 33. f5 g6 34. fxg6 Be6 35. Rd6 Rc8 36. gxf7+ Bxf7 37. Rxc8 Qxc8 38. Kh2 Kg7 1-0

[Event "XVI Gran Hotel Bali 2017"]
[Site "Benidorm"]
[Date "2017.12.01"]
[Round "1"]
[White "Ladron De Guevara Galar, Fco J"]
[Black "Fernandez Barrera, Victor"]
[Result "0-1"]
[ECO "D82"]
[WhiteElo "2087"]
[BlackElo "2300"]
[Annotator "NA"]
[PlyCount "58"]
[EventDate "2017.??.??"]
[EventType "swiss"]
[EventCountry "ESP"]
[SourceTitle "playchess.com"]
[Source "ChessBase"]
[SourceQuality "1"]
[TimeControl "5400+30"]

1. d4 Nf6 2. c4 g6 3. Nc3 d5 4. Bf4 Bg7 5. e3 c6 6. Nf3 O-O 7. Rc1 dxc4 8. Bxc4 Nbd7 9. h3 Nb6 10. Bb3 Nfd5 11. O-O Nxf4 12. exf4 Qd6 13. Qd2 Qb4 14. Qe2 a5 15. Ne5 Bxe5 16. Qxe5 a4 17. Bc2 Nc4 18. Qg5 Ra5 19. Qg3 Nxb2 20. d5 Rc5 21. Bb1 cxd5 22. a3 Qb6 23. Ba2 Qa5 24. Qe3 Be6 25. Qd4 Nc4 26. Nxa4 Rc6 27. Bb3 Rfc8 28. Rce1 Nd2 29. f5 Nxb3 0-1

[Event "XVI Gran Hotel Bali 2017"]
[Site "Benidorm"]
[Date "2017.12.01"]
[Round "1"]
[White "Do Santos Julio, Joao Manuel"]
[Black "Olhovik, Andrei"]
[Result "0-1"]
[ECO "B40"]
[WhiteElo "2086"]
[BlackElo "2299"]
[Annotator "NA"]
[PlyCount "104"]
[EventDate "2017.??.??"]
[EventType "swiss"]
[EventCountry "ESP"]
[SourceTitle "playchess.com"]
[Source "ChessBase"]
[SourceQuality "1"]
[TimeControl "5400+30"]

1. e4 c5 2. Nf3 e6 3. d4 cxd4 4. Nxd4 Bc5 5. Nb3 Bb6 6. Qg4 Nf6 7. Qh4 Nc6 8. Nc3 Ne5 9. Be2 Ng6 10. Qg3 O-O 11. Bg5 h6 12. Be3 d6 13. O-O e5 14. Rad1 a6 15. Nc5 Qc7 16. Nd3 Ba5 17. Nd5 Nxd5 18. exd5 Qxc2 19. Bg4 Bxg4 20. Qxg4 Qc8 21. Qa4 Qd8 22. Kh1 Bb6 23. Bc1 f5 24. f3 Rc8 25. Bd2 Ne7 26. Bb4 f4 27. Rc1 Rxc1 28. Rxc1 Nf5 29. Nxe5 Be3 30. Rd1 dxe5 31. Bxf8 Kxf8 32. Qb4+ Nd6 33. Qc3 Bd4 34. Qc2 Kf7 35. b3 Be3 36. Rd3 Qa5 37. Rd1 Kf6 38. Qh7 Qd8 39. g4 Kf7 40. Qc2 Qd7 41. Rd3 e4 42. Rc3 Qb5 43. Rc7+ Kg8 44. Rc8+ Kh7 45. Rc4 Qxd5 46. fxe4 Qe5 47. Ra4 f3 48. Qd1 Nxe4 49. Qb1 Bd4 50. Qd3 Qf4 51. Rc4 f2 52. Qf1 Qf3+ 0-1

[Event "XVI Gran Hotel Bali 2017"]
[Site "Benidorm"]
[Date "2017.12.01"]
[Round "1"]
[White "Gonzalez Aguirre, Luis"]
[Black "Ayats Llobera, Gerard"]
[Result "0-1"]
[ECO "A30"]
[WhiteElo "2084"]
[BlackElo "2285"]
[Annotator "NA"]
[PlyCount "56"]
[EventDate "2017.??.??"]
[EventType "swiss"]
[EventCountry "ESP"]
[SourceTitle "playchess.com"]
[Source "ChessBase"]
[SourceQuality "1"]
[TimeControl "5400+30"]

1. Nf3 c5 2. c4 Nf6 3. Nc3 b6 4. g3 Bb7 5. Bg2 e6 6. O-O Be7 7. b3 O-O 8. Bb2 a6 9. e3 d6 10. Qe2 Nbd7 11. Rfd1 Qc7 12. Rac1 Rac8 13. d4 Qb8 14. d5 exd5 15. Nxd5 Nxd5 16. cxd5 Bf6 17. Bh3 Bxb2 18. Qxb2 Rc7 19. Nh4 g6 20. Bg2 b5 21. Nf3 Re8 22. Nd2 Qd8 23. Ne4 Qe7 24. a4 Ne5 25. axb5 axb5 26. Nxc5 Rxc5 27. Rxc5 dxc5 28. d6 Qd7 0-1

[Event "XVI Gran Hotel Bali 2017"]
[Site "Benidorm"]
[Date "2017.12.01"]
[Round "1"]
[White "Jerie, Sven"]
[Black "Moreno Ibanez, Miguel"]
[Result "0-1"]
[ECO "B75"]
[WhiteElo "2077"]
[BlackElo "2272"]
[Annotator "NA"]
[PlyCount "100"]
[EventDate "2017.??.??"]
[EventType "swiss"]
[EventCountry "ESP"]
[SourceTitle "playchess.com"]
[Source "ChessBase"]
[SourceQuality "1"]
[TimeControl "5400+30"]

1. e4 c5 2. Nf3 d6 3. d4 cxd4 4. Nxd4 Nf6 5. Nc3 g6 6. Be3 Bg7 7. f3 a6 8. Qd2 Nbd7 9. O-O-O b5 10. Bh6 Bxh6 11. Qxh6 Bb7 12. h4 Rc8 13. Qd2 h5 14. Kb1 Nb6 15. Bd3 Nfd7 16. f4 Nc4 17. Bxc4 Rxc4 18. f5 Rg8 19. Rhf1 Ne5 20. fxg6 Rxg6 21. Rf5 b4 22. Nd5 e6 23. Rxh5 Rg8 24. Ne3 Rc5 25. Qxb4 Qc7 26. Qa4+ Ke7 27. Nb3 Rb5 28. Rh7 Rg3 29. Qd4 a5 30. Nd2 Rb4 31. c4 Qc6 32. Nc2 Rb6 33. Qf2 Rxb2+ 34. Ka1 Qa4 35. Rxf7+ Nxf7 36. Kxb2 Rd3 37. Rf1 Ne5 38. Qf8+ Kd7 39. Rf7+ Nxf7 40. Qxf7+ Kd8 41. Nf3 Bxe4 42. Ng5 Qxc4 43. Nxe6+ Kc8 44. Qe8+ Kb7 45. Qd7+ Ka6 46. Nc7+ Kb6 47. Qe7 Rb3+ 48. axb3 Qxc2+ 49. Ka3 Qc1+ 50. Ka2 Qb1+ 0-1

[Event "XVI Gran Hotel Bali 2017"]
[Site "Benidorm"]
[Date "2017.12.01"]
[Round "1"]
[White "Mataix Arbona, Cesar"]
[Black "Iglesias Romero, Jorge"]
[Result "0-1"]
[ECO "A43"]
[WhiteElo "2074"]
[BlackElo "2271"]
[Annotator "NA"]
[PlyCount "126"]
[EventDate "2017.??.??"]
[EventType "swiss"]
[EventCountry "ESP"]
[SourceTitle "playchess.com"]
[Source "ChessBase"]
[SourceQuality "1"]
[TimeControl "5400+30"]

1. d4 c5 2. c3 cxd4 3. cxd4 d5 4. Nc3 Nc6 5. Nf3 Nf6 6. Bf4 e6 7. e3 Nh5 8. Bg5 Qb6 9. Bb5 h6 10. Bh4 g5 11. Ne5 Nf4 12. exf4 gxh4 13. Qa4 Bd7 14. Nxd7 Kxd7 15. O-O Bg7 16. Rfd1 a6 17. Bxc6+ Qxc6 18. Qxc6+ Kxc6 19. Kf1 b5 20. a4 Rhb8 21. a5 Rc8 22. Ke2 Kd7 23. Rd3 Rc4 24. Rad1 Bf6 25. b3 Rc6 26. Kf3 Rac8 27. Na2 Be7 28. f5 Bd6 29. R1d2 Rg8 30. fxe6+ fxe6 31. Rd1 Rcc8 32. g3 Rgf8+ 33. Ke2 Bc7 34. b4 Bd6 35. f4 Rc4 36. Rb3 h5 37. Rd2 hxg3 38. hxg3 h4 39. gxh4 Bxf4 40. Rf3 Rf5 41. Rb2 Rxd4 42. Nc3 Re5+ 43. Kf1 Bc1 44. Rc2 Rxh4 45. Ne2 Be3 46. Rf7+ Kd6 47. Ng3 Rf4+ 48. Rxf4 Bxf4 49. Ne2 Be3 50. Rc8 Rf5+ 51. Ke1 Rf7 52. Nc3 Ke5 53. Nd1 Ke4 54. Rc6 e5 55. Rxa6 d4 56. Re6 Bf4 57. Nf2+ Kd5 58. Rb6 Bg3 59. a6 Rxf2 60. Rxb5+ Kc4 61. Ra5 Rf7+ 62. Ke2 Rf2+ 63. Kd1 d3 0-1

[Event "XVI Gran Hotel Bali 2017"]
[Site "Benidorm"]
[Date "2017.12.01"]
[Round "1"]
[White "Aledo Yanguas, Javier"]
[Black "Exposito Amaro, Josue"]
[Result "0-1"]
[ECO "C00"]
[WhiteElo "2066"]
[BlackElo "2263"]
[Annotator "NA"]
[PlyCount "62"]
[EventDate "2017.??.??"]
[EventType "swiss"]
[EventCountry "ESP"]
[SourceTitle "playchess.com"]
[Source "ChessBase"]
[SourceQuality "1"]
[TimeControl "5400+30"]

1. e4 e6 2. d4 d5 3. Bd3 dxe4 4. Bxe4 Nf6 5. Bf3 Nbd7 6. Ne2 e5 7. O-O e4 8. Ng3 exf3 9. Re1+ Be7 10. Nf5 Ng8 11. b3 Ndf6 12. Nxe7 Nxe7 13. Ba3 Be6 14. c4 c6 15. Nc3 Qa5 16. Nb5 cxb5 17. Bxe7 Kxe7 18. d5 bxc4 19. dxe6 Qd5 20. Qc1 fxe6 21. Qf4 Rad8 22. gxf3 Kf7 23. Rac1 cxb3 24. axb3 Qf5 25. Qa4 Rd7 26. Rc3 Rhd8 27. Qxa7 Nd5 28. Rc4 Nf4 29. Kh1 Qg5 30. Rg1 Rd1 31. Qxb7+ Kg8 0-1

[Event "XVI Gran Hotel Bali 2017"]
[Site "Benidorm"]
[Date "2017.12.04"]
[Round "4"]
[White "Olhovik, Andrei"]
[Black "Jimenez Martinez, Jose Vicente"]
[Result "1-0"]
[ECO "E73"]
[WhiteElo "2299"]
[BlackElo "2223"]
[Annotator "NA"]
[PlyCount "131"]
[EventDate "2017.??.??"]
[EventType "swiss"]
[EventCountry "ESP"]
[SourceTitle "playchess.com"]
[Source "ChessBase"]
[SourceQuality "1"]
[TimeControl "5400+30"]

1. d4 g6 2. c4 Bg7 3. e4 d6 4. Nc3 Nf6 5. Be2 O-O 6. Bg5 Nbd7 7. Qd2 c5 8. Nf3 {[%emt 0:00:12] E73: King's Indian: Averbakh Variation without 6...c5} (8. d5 b5 9. cxb5 a6 10. bxa6 Qa5 11. Nf3 Bxa6 12. Bxa6 Qxa6 13. Qe2 Qxe2+ 14. Kxe2 Rfb8 15. Rab1 Nb6 16. Nd2 h6 17. Bxf6 Bxf6 {1-0 (30) Akobian,V (2612)-Petrosian,T (2593) Chicago 2016}) 8... Qa5 9. d5 Re8 10. O-O a6 11. Rfe1 Rb8 12. a4 Nb6 13. Qc2 Bg4 14. b3 $146 ({Predecessor:} 14. Nd2 Bxe2 15. Nxe2 Nbd7 16. f4 Kh8 17. h3 Qc7 18. Nf3 b5 {½-½ (18) Guzel,A-Wong,R Kuala Lumpur 2002}) 14... Nbd7 15. h3 Bxf3 16. Bxf3 e6 17. Bd2 Qc7 18. a5 exd5 19. exd5 Rxe1+ 20. Bxe1 b6 21. axb6 Qxb6 22. Ra3 Ne8 23. Bd1 Qb7 24. Qa2 Nc7 25. Bd2 Re8 26. Qc2 Nf6 27. Qd3 h6 28. Qg3 Bf8 29. Bc2 Kh7 30. Qf4 Kg7 31. Qxh6+ Kg8 32. Qf4 Nh5 33. Qf3 Be7 34. Ne4 f5 35. Nc3 Ng7 36. Ra1 Bf6 37. Rd1 Be5 38. Ne2 Nh5 39. g4 Ng7 40. Nf4 Nce6 41. Nxg6 $16 Nd4 42. Qd3 Nxc2 43. Qxc2 Bd4 44. Bc3 Bxc3 45. Qxc3 Qf7 46. Nh4 fxg4 47. hxg4 Re4 48. Qg3 Qf6 49. Ng2 a5 50. Re1 Rd4 51. Ne3 Rd3 52. Rb1 Qg6 53. Ra1 Rxb3 54. Rxa5 Rb1+ 55. Nf1 Qe4 56. Ra8+ Kf7 57. Ra7+ Kg8 58. Qxd6 Qxc4 59. Rxg7+ Kxg7 60. Qe5+ Kf7 61. Qf5+ Ke7 62. Qxb1 Qxg4+ 63. Ng3 Kd6 64. Qf5 Qd1+ 65. Kg2 c4 66. Ne4+ {[%emt 0:01:00] Kxd5} 1-0

[Event "XVI Gran Hotel Bali 2017"]
[Site "Benidorm"]
[Date "2017.12.04"]
[Round "4"]
[White "Iglesias, Jorge"]
[Black "Alvarez Serrano, Carlos"]
[Result "1-0"]
[ECO "A37"]
[WhiteElo "2291"]
[BlackElo "2190"]
[Annotator "NA"]
[PlyCount "121"]
[EventDate "2017.??.??"]
[EventType "swiss"]
[EventCountry "ESP"]
[SourceTitle "playchess.com"]
[Source "ChessBase"]
[SourceQuality "1"]
[TimeControl "5400+30"]

1. c4 c5 2. Nf3 Nc6 3. Nc3 g6 4. g3 Bg7 5. Bg2 d6 6. O-O e6 7. a3 Nge7 8. Rb1 O-O 9. b4 Rb8 10. e3 Nf5 11. Ne2 {[%emt 0:06:05] A37: Symmetrical English vs ...g6: 4 Bg2 Bg7 5 Nf3} Ne5 $146 ({Predecessor:} 11... cxb4 12. axb4 b5 13. cxb5 Rxb5 14. Ba3 a6 15. d4 Na7 16. Qd3 Bd7 17. Rfc1 Rb6 18. d5 Bb5 19. Qd2 Bxe2 20. Qxe2 exd5 21. Bh3 Ne7 22. Nd4 Qb8 23. Qd3 Qb7 24. Bb2 Rb8 {½-½ (24) Kveinys,A (2555)-Urban,K (2490) Krynica 1997}) 12. Nxe5 Bxe5 13. d4 cxd4 14. Nxd4 Nxd4 15. exd4 Bg7 16. Be3 b6 17. Qd2 Qc7 18. Rbc1 Bb7 19. d5 Rfc8 20. Rfd1 e5 21. c5 bxc5 22. bxc5 dxc5 23. Bxc5 Qd7 24. Bxa7 Ra8 25. Bc5 f5 26. Bb4 e4 27. d6 Be5 28. Rxc8+ Rxc8 29. Rc1 Rxc1+ 30. Qxc1 Qc6 31. Qg5 Qd7 32. Bf1 ({Inferior is} 32. Qe7 Qxe7 33. dxe7 Kf7 $11) 32... Bd5 $18 (32... Bc6 33. Bc4+ Kg7) 33. Qd2 Be6 34. Bc5 Qc6 35. Qb4 g5 36. a4 f4 37. a5 e3 38. fxe3 fxg3 39. hxg3 Qf3 40. Qd2 Qxg3+ 41. Qg2 Bxd6 42. Bxd6 Qxd6 43. Qxg5+ Kf7 44. Qf4+ Ke7 45. a6 Qa3 46. Qd4 Qa5 47. Qa7+ Bd7 48. Qb8 Qg5+ 49. Kf2 Qh4+ 50. Qg3 Qa4 51. Qe5+ Be6 52. Qc5+ Kf7 53. Qd4 Qa2+ 54. Kg3 Bd5 55. e4 Qa3+ 56. Qd3 Qd6+ 57. Kf2 Qh2+ 58. Bg2 Ba8 59. Qd7+ Kg6 60. Qe8+ Kg5 61. Qxa8 1-0

[Event "XVI Gran Hotel Bali 2017"]
[Site "Benidorm"]
[Date "2017.12.04"]
[Round "4"]
[White "Ayats Llobera, Gerard"]
[Black "Cubas Pons, Juan Miguel"]
[Result "1/2-1/2"]
[ECO "D35"]
[WhiteElo "2285"]
[BlackElo "2187"]
[Annotator "NA"]
[PlyCount "60"]
[EventDate "2017.??.??"]
[EventType "swiss"]
[EventCountry "ESP"]
[SourceTitle "playchess.com"]
[Source "ChessBase"]
[SourceQuality "1"]
[TimeControl "5400+30"]

1. d4 e6 2. c4 Nf6 3. Nc3 d5 4. cxd5 exd5 5. Bg5 Be7 6. e3 c6 7. Qc2 Nbd7 8. Bd3 O-O 9. Nf3 Re8 10. O-O Nf8 11. a3 Ne4 12. Bxe7 {[%emt 0:14:15] D36: Queen's Gambit Declined: Exchange Variation: Main line (5 Bg5 c6 6 Qc2)} (12. Bf4 f5 13. Ne5 Ng6 14. Nxg6 hxg6 15. f3 Ng5 16. Kh1 Bd6 17. Bxd6 Qxd6 18. e4 dxe4 19. fxe4 Qxd4 20. exf5 gxf5 21. Bxf5 {½-½ (31) Gulko,B (2585)-Filippov,V (2595) Elista 1998}) 12... Qxe7 13. Nd2 Nxd2 14. Qxd2 Qf6 $146 ({Predecessor:} 14... Bg4 15. b4 a6 16. Qb2 Ng6 17. Bxg6 hxg6 18. a4 Qg5 19. b5 Bf3 {0-1 (34) Dvoryadkin,M (1906)-Mamonov,A (1763) Saratov 2011}) 15. b4 a6 16. Qc2 g6 17. a4 Ne6 18. b5 axb5 19. axb5 Rxa1 20. Rxa1 c5 21. Nxd5 Qd8 22. Qc4 cxd4 23. exd4 Ng5 24. Ne3 Be6 25. d5 Qf6 26. Rd1 Bh3 {[%emt 0:05:10] [#]} 27. Be2 $11 ({Better is} 27. Bf1 $1 $16 Ne4 28. f3) 27... Ne4 28. Bf3 Nd6 29. Qd4 Qxd4 30. Rxd4 Nxb5 1/2-1/2

[Event "XVI Gran Hotel Bali 2017"]
[Site "Benidorm"]
[Date "2017.12.04"]
[Round "4"]
[White "Exposito Amaro, Josue"]
[Black "Yuksel, Atilla Koksal"]
[Result "1/2-1/2"]
[ECO "A00"]
[WhiteElo "2263"]
[BlackElo "2184"]
[Annotator "ChessBase"]
[PlyCount "70"]
[EventDate "2017.??.??"]
[EventType "swiss"]
[EventCountry "ESP"]
[SourceTitle "playchess.com"]
[Source "ChessBase"]
[SourceQuality "1"]
[TimeControl "5400+30"]

1. Nc3 c5 2. e4 e6 3. f4 Ne7 4. Nf3 Nbc6 5. d4 cxd4 6. Nxd4 d5 7. Be3 Nxd4 8. Qxd4 Nc6 9. Bb5 Bd7 10. Qd2 d4 11. Bxc6 Bxc6 12. Qxd4 Qxd4 13. Bxd4 Bb4 14. O-O-O Bxc3 15. Bxc3 Bxe4 16. Rhe1 Bc6 17. f5 O-O 18. fxe6 fxe6 19. Rxe6 Rae8 20. Rxe8 Rxe8 21. g3 a6 22. b3 Re2 23. Rd2 Rxd2 24. Kxd2 g6 25. Ke3 Kf7 26. Kd4 Ke6 27. Kc5 Kd7 28. Be5 h5 29. c4 Bf3 30. b4 Bg2 31. Kb6 Kc8 32. a4 Be4 33. b5 axb5 34. cxb5 Bf3 35. a5 Be4 1/2-1/2

[Event "XVI Gran Hotel Bali 2017"]
[Site "Benidorm"]
[Date "2017.12.04"]
[Round "4"]
[White "Serra Pages, Jordi"]
[Black "Lacrosse, Marc"]
[Result "1/2-1/2"]
[ECO "D52"]
[WhiteElo "2238"]
[BlackElo "2108"]
[Annotator "NA"]
[PlyCount "141"]
[EventDate "2017.??.??"]
[EventType "swiss"]
[EventCountry "ESP"]
[SourceTitle "playchess.com"]
[Source "ChessBase"]
[SourceQuality "1"]
[TimeControl "5400+30"]

1. d4 d5 2. c4 e6 3. Nc3 Nf6 4. Bg5 Nbd7 5. e3 c6 6. Nf3 Qa5 7. cxd5 Nxd5 8. Qd2 N7b6 9. a3 Nxc3 10. Qxc3 Qxc3+ 11. bxc3 f6 12. Bh4 c5 13. Bb5+ Bd7 14. a4 cxd4 15. Nxd4 e5 16. Ne6 Rc8 17. O-O Kf7 18. Nxf8 Rhxf8 19. Rfb1 Rfd8 20. e4 Rxc3 21. f3 Be6 22. a5 Nc8 23. Be1 Rb3 24. Rxb3 Bxb3 25. Rc1 Nd6 26. Rc7+ Ke6 27. Be2 Rd7 28. Rc3 Ba4 29. Bf2 a6 30. Bb6 Ke7 31. Kf2 Bb5 32. Bxb5 Nxb5 33. Rc8 Kf7 34. h4 h5 35. Rh8 g6 36. Rh7+ Ke6 37. Rh6 Rg7 38. Rh8 Nd6 39. Rf8 Nc4 40. Bd8 Rf7 41. Rg8 Rd7 42. Rh8 Rd2+ 43. Kg3 Ne3 44. Rf8 Rxg2+ 45. Kh3 g5 46. Rxf6+ Kd7 47. hxg5 Kxd8 48. g6 Rg1 49. Kh4 Nc4 50. Kxh5 Nxa5 51. Kh6 Nc6 52. g7 Ne7 53. Rf8+ Kd7 54. Rb8 Ke6 55. Rxb7 Kf7 56. Ra7 Rg6+ 57. Kh5 Rxg7 58. Rxa6 Rg3 59. Ra5 Ng6 60. Ra7+ Ke8 61. Ra6 Nf4+ 62. Kh4 Rxf3 63. Kg4 Rf1 64. Ra5 Nd3 65. Rd5 Rf4+ 66. Kg3 Rxe4 67. Rxd3 Ke7 68. Kf3 Ra4 69. Ke3 Ke6 70. Rd8 Ra3+ 71. Ke4 1/2-1/2

[Event "XVI Gran Hotel Bali 2017"]
[Site "Benidorm"]
[Date "2017.12.04"]
[Round "4"]
[White "Picazo Lopez, Juan Antonio"]
[Black "Ibanez Aullana, Ramon"]
[Result "1/2-1/2"]
[ECO "A53"]
[WhiteElo "2204"]
[BlackElo "2295"]
[Annotator "NA"]
[PlyCount "129"]
[EventDate "2017.??.??"]
[EventType "swiss"]
[EventCountry "ESP"]
[SourceTitle "playchess.com"]
[Source "ChessBase"]
[SourceQuality "1"]
[TimeControl "5400+30"]

1. d4 Nf6 2. c4 d6 3. Nc3 e5 4. dxe5 dxe5 5. Qxd8+ Kxd8 6. Nf3 Nbd7 7. Rg1 h6 {[%emt 0:09:54] A53: Old Indian Defence without Nf3} 8. g4 Ke8 $146 ({Predecessor:} 8... e4 9. g5 exf3 10. gxf6 gxf6 11. Bf4 c6 12. O-O-O Ke8 13. Ne4 Be7 14. Nd6+ Bxd6 15. Bxd6 {1-0 (91) Rowson,J (2580)-Turner,M (2482) Sunningdale 2008}) 9. h4 e4 10. Nd4 Bb4 11. Bd2 a6 12. g5 hxg5 13. hxg5 e3 14. Bxe3 Ne4 15. Nc2 Bxc3+ 16. bxc3 g6 17. Bg2 Rh4 18. Nb4 c6 19. Rc1 Ne5 20. Bxe4 Rxe4 21. Rh1 Nxc4 {[%emt 0:04:50] [#]} (21... Kd8 $16) 22. Rh8+ $14 (22. Rd1 $1 $18 Nxe3 23. Rh8+ Ke7 24. fxe3) 22... Kd7 23. Rd1+ Kc7 24. Rd4 Rxd4 25. Bxd4 b6 26. Nd3 Rb8 27. Ne5 Be6 28. Rxb8 Kxb8 29. Nxc6+ Kc7 30. Nb4 a5 31. Nd3 Na3 32. Nc1 Kc6 33. Kd2 Nc4+ 34. Kd3 Kb5 35. Nb3 Ka4 36. Nd2 b5 37. e4 Ka3 38. Nb3 Kxa2 39. Nc5 Kb2 40. f4 a4 41. Nxe6 a3 42. Nc7 a2 43. Nxb5 a1=Q 44. Kxc4 Qf1+ 45. Kb4 Qxf4 46. c4+ Kc2 47. c5 Qd2+ 48. Kc4 Qd3+ 49. Kb4 Qxe4 50. Ka5 Qb7 51. Be5 Kd3 52. Bc7 Qd5 53. Bb6 Qxg5 54. Ka6 Qd5 55. Na7 g5 56. c6 f5 57. c7 Qc4+ 58. Kb7 f4 59. Nc6 Qe6 60. c8=Q Qxc8+ 61. Kxc8 Ke4 62. Kd7 f3 63. Ke6 g4 64. Ne5 g3 65. Nxf3 1/2-1/2

[Event "XVI Gran Hotel Bali 2017"]
[Site "Benidorm"]
[Date "2017.12.04"]
[Round "4"]
[White "Perez Perez, Gabriel"]
[Black "Lornye, Pylyp"]
[Result "0-1"]
[ECO "B09"]
[WhiteElo "2153"]
[BlackElo "2264"]
[Annotator "NA"]
[PlyCount "100"]
[EventDate "2017.??.??"]
[EventType "swiss"]
[EventCountry "ESP"]
[SourceTitle "playchess.com"]
[Source "ChessBase"]
[SourceQuality "1"]
[TimeControl "5400+30"]

1. e4 d6 2. d4 Nf6 3. Nc3 g6 4. f4 Bg7 5. Nf3 O-O 6. Bd3 Nc6 7. e5 dxe5 8. fxe5 Ng4 9. Be4 f6 10. h3 Nh6 {[%emt 0:00:12] B09: Pirc-Ufimzew-Verteidigung (Dreibauernangriff)} 11. exf6 exf6 12. O-O Nf5 13. d5 $146 ({Vorgänger:} 13. Ne2 Re8 14. Qd3 Kh8 15. c3 Bd7 16. d5 Nce7 17. Nfd4 c6 18. dxc6 bxc6 {0-1 (40) Diermair,A (2333)-Skoberne,J (2509) Austria 2010}) 13... Ne5 14. Re1 Qd6 15. Bxf5 Bxf5 16. Nd4 Bd7 17. Kh1 c6 18. dxc6 Nxc6 19. Ncb5 Qd5 20. Nxc6 Qxc6 21. Nd4 Qd5 22. Nb3 Bc6 23. Qxd5+ Bxd5 24. Be3 f5 25. Bd4 Bh6 26. Nc5 Rf7 27. b3 b6 28. Nd3 Rd8 29. c3 Be4 30. Nf2 Bb7 31. Rad1 Bg5 32. Kg1 Bh4 33. Re6 Bd5 34. Re2 f4 $11 35. Red2 f3 36. Bxb6 axb6 37. Rxd5 Re8 38. g3 Bxg3 39. Rd8 Rfe7 40. Ng4 Rxd8 41. Rxd8+ Kg7 42. Rd1 h5 43. Nh2 f2+ 44. Kg2 Bxh2 45. Kxf2 Be5 46. Rd3 Kf6 47. a4 Kf5 48. c4 Ke4 49. Rf3 Kd4 50. Ke2 Bf4+ 0-1